cohdb
Replays
Latest Replays
All Replays
Popular Replays
Top Player Replays
Match Explorer
How It Works
Community
CoH3 Stats
Reddit
Sign in to upload your games and track your stats! →
Sign in with Steam
Match 37649012
Unlisted
Match 37649012
Overview
Messages
Build Orders
End
Scout Squad
Scout Squad
Selects Advanced Infantry Battlegroup
Construct Weapon Support Center
Engineer Squad
M1919 Machine Gun Team
M1919 Machine Gun Team
Selects Artillery Observers
Construct Medical Station
Infantry Support Center
Artillery Observer Squad
M3 Armored Personnel Carrier
Bazooka Squad
Bazooka Squad
Sparkle
Mo-J
Wheeler
banstyle
Grunk
xizi20
0
0
Comments
sign in to comment!
No comments posted yet!